 Dungeon Crawl Stone Soup version 0.23.2-33-g5129a83184 (webtiles) character file.

Game seed: 4141971583506458867

752 Acheron the Bolt Thrower (level 7, -2/41 HPs)
             Began as a Gargoyle Hunter on July 9, 2019.
             Slain by an orc warrior
             ... wielding a +0 broad axe
              (13 damage)
             ... in a bailey.
             The game lasted 00:28:05 (4162 turns).

Acheron the Bolt Thrower (Gargoyle Hunter)          Turns: 4162, Time: 00:28:06

Health: -2/41      AC: 11    Str: 20    XL:     7   Next: 78%
Magic:  9/9        EV: 12    Int: 12    God:
Gold:   294        SH:  0    Dex: 12    Spells: 9/9 levels left

rFire    . . .     SeeInvis .   w - +2 war axe
rCold    . . .     Gourm    .   (no shield)
rNeg     + + .     Faith    .   e - +1 ring mail
rPois    ∞         Spirit   .   (no helmet)
rElec    +         Reflect  .   (no cloak)
rCorr    .         Harm     .   (no gloves)
MR       .....                  (no boots)
Stlth    ++........             (no amulet)
HPRegen  0.13/turn              k - +5 ring of strength
MPRegen  0.11/turn              r - ring of positive energy

@: hasted, very quick
A: negative energy resistance 1, electricity resistance, unbreathing,
petrification resistance, rot immunity, AC +4
a: no special abilities


You were in a bailey.
You were not hungry.

You visited 1 branch of the dungeon, and saw 7 of its levels.
You also visited: Bailey.

You collected 294 gold pieces.

Inventory:

Hand Weapons
 a - a +1 hand crossbow
 b - a cursed +0 spear
 u - a +2 dagger of venom
 w - a +2 war axe (weapon)
 D - a +1 flail of protection
Missiles
 d - 33 bolts
 h - 46 sling bullets
 q - 178 stones (quivered)
 y - 12 poisoned needles
 B - 24 tomahawks of returning
Armour
 c - a +0 leather armour
 e - a +1 ring mail (worn)
Jewellery
 k - a +5 ring of strength (left hand)
 m - an uncursed ring of flight
 r - a ring of positive energy (right hand)
Wands
 p - a wand of flame (35)
Scrolls
 g - 2 scrolls of enchant armour
 j - a scroll of remove curse
 o - 3 scrolls of teleportation
 x - a scroll of blinking
 A - a scroll of identify
Potions
 i - 3 potions of brilliance
 l - 4 potions of curing {unknown}
 n - a potion of haste
 s - 2 potions of heal wounds {unknown}
 t - 2 potions of lignification {unknown}
 z - a potion of degeneration {unknown}
 C - 2 potions of flight
Comestibles
 f - 9 rations
 v - 3 chunks of flesh


   Skills:
 * Level 3.5 Fighting
 + Level 0.9 Short Blades
 * Level 3.4 Axes
 * Level 5.0 Crossbows
 * Level 2.7 Armour
 * Level 2.7 Dodging
 * Level 3.4 Stealth
 * Level 1.8 Spellcasting
 * Level 1.7 Evocations


You had 9 spell levels left.
You didn't know any spells.
Your spell library was empty.

Dungeon Overview and Level Annotations

Branches:
Dungeon (7/15)
 Temple: D:4-7

Altars:
Sif Muna
Trog
Wu Jian
Xom
Zin

Shops:
D:3 *

Annotations:
D:2 Robin


Innate Abilities, Weirdness & Mutations

You are resistant to torment.
Your stone body is resilient. (AC +4)
You are immune to poison.
You resist negative energy. (rN+)
You are resistant to electric shocks. (rElec)
You can survive without breathing.
You are immune to petrification.
You are immune to rotting.


Message History

The orc warrior is moderately wounded.
You hit the orc warrior.
The orc warrior is moderately wounded.
The orc warrior closely misses you.
You barely miss the orc warrior.
The orc warrior is moderately wounded.
You closely miss the hobgoblin.
The hobgoblin hits you but does no damage.
The orc warrior hits you with a +0 broad axe!
* * * LOW HITPOINT WARNING * * *
You barely miss the orc warrior.
The orc warrior is moderately wounded.
You hit the hobgoblin.
The hobgoblin hits you but does no damage.
You slash the orc warrior!
The orc warrior is severely wounded.
You hit the hobgoblin.
You kill the hobgoblin!
The orc warrior hits you with a +0 broad axe!
You die...

####.............##
###.........≈≈≈≈≈≈≈≈#
##.......≈≈≈≈≈≈≈≈≈≈≈≈≈≈
##......≈≈≈≈≈#########≈≈
###....≈≈≈≈≈≈≈∩#.goK...#∩≈
##≈≈≈≈≈≈≈≈≈))####.......###
≈≈≈≈≈≈≈≈≈≈..†).#..####'####
. ≈≈≈≈≈≈#.....†###K..^ ...
. ########..†.@# 'oK#### .
##.....)o###o.#
#.....⌠..(.#..#
##.........#'##
##........(..#
####..........(K.
#############.


You could see an orc warrior.

Vanquished Creatures
  2 orc warriors (Bailey)
  A bullfrog (D:7)
  A crimson imp (D:5)
  A centaur zombie (D:5)
  A hound (D:5)
  A bullfrog skeleton (D:5)
  An orc wizard (D:3)
  An iguana (D:5)
  5 worker ants
  A killer bee zombie (D:5)
  2 worker ant zombies (D:5)
  4 adders
  A gnoll (Bailey)
  An adder skeleton (D:5)
  A worm (D:5)
  4 dart slugs
  4 leopard geckos
  14 orcs
  9 bats
  3 giant cockroaches
  9 goblins
  11 hobgoblins
  5 jackals
  12 kobolds
  2 quokkas
  A ball python (D:5)
  4 frilled lizards
  A jackal skeleton (D:4)
  A quokka skeleton (D:5)
  7 rats
111 creatures vanquished.

Notes
Turn   | Place    | Note
-------+----------+-------------------------------------------
     0 | D:1      | Acheron the Gargoyle Hunter began the quest for the Orb.
     0 | D:1      | Reached XP level 1. HP: 12/12 MP: 1/1
   196 | D:1      | Reached XP level 2. HP: 17/17 MP: 2/2
   371 | D:1      | Reached XP level 3. HP: 22/22 MP: 3/3
   698 | D:3      | Found Zin's Purification Station.
   698 | D:3      | Found a glowing silver altar of Zin.
   923 | D:2      | Reached skill level 1 in Armour
  1094 | D:2      | Noticed Robin
  1371 | D:2      | Reached XP level 4. HP: 27/27 MP: 4/4
  1758 | D:3      | Found a faded altar of an unknown god.
  1820 | D:3      | Reached skill level 1 in Spellcasting
  1820 | D:3      | Reached XP level 5. HP: 12/31 MP: 6/6
  2070 | D:3      | Found a bloodstained altar of Trog.
  2405 | D:4      | Reached skill level 1 in Axes
  2562 | D:4      | Reached skill level 1 in Evocations
  2562 | D:4      | Reached XP level 6. HP: 32/36 MP: 7/7
  3081 | D:5      | Entered Level 5 of the Dungeon
  3120 | D:5      | Found an ornate altar of the Wu Jian Council.
  3361 | D:5      | Found a shimmering altar of Xom.
  3403 | D:5      | Found a shimmering altar of Xom.
  3755 | D:5      | Reached XP level 7. HP: 39/41 MP: 9/9
  3935 | D:6      | Found a deep blue altar of Sif Muna.
  3993 | D:7      | Found a flagged portal.
  4002 | Bailey   | Entered a bailey
  4147 | Bailey   | Reached skill level 5 in Crossbows
  4162 | Bailey   | Slain by an orc warrior

Skill      XL: |  1  2  3  4  5  6  7 |
---------------+----------------------+-----
Armour         | 1 2 |  2.7
Stealth        | 2 3 |  3.4
Dodging        | 2 |  2.7
Spellcasting   | 1 |  1.8
Axes           | 1 2 3 |  3.4
Evocations     | 1 |  1.7
Fighting       | 3 |  3.5
Crossbows      | 5 |  5.0
Short Blades   | |  0.9

Action                   |  1- 3 |  4- 6 |  7- 9 || total
-------------------------+-------+-------+-------++-------
Melee: Short sword       |    64 |       |       ||    64
       Dagger            |       |    40 |       ||    40
       War axe           |       |   156 |    27 ||   183
 Fire: Hand crossbow     |    50 |     4 |    23 ||    77
  Use: Scroll            |     2 |     8 |       ||    10
       Potion            |       |       |     2 ||     2
 Stab: Sleeping          |       |     1 |       ||     1
  Eat: Chunk             |     1 |     8 |     2 ||    11
Armor: Ring mail         |    40 |   120 |    16 ||   176
Dodge: Dodged            |    54 |   160 |    23 ||   237
